Map: Frost LE

Players

speaknow (ByuN) - Winner!

  • Race: Terran Terran

Kelazhur

  • Race: Terran Terran
  • League: Master

VOD

https://www.youtube.com/watch?v=1osf6FzLBn8

Description

Time

  • Played on: Nov. 25, 2016, 1:55 p.m.
  • Length: 5:13
Show
View Real Time Build Order
Export as new Build Order

speaknow Terran - Winner!

Build Orders: 1/1/1, Banshee Rush 

Get SALT Encoding   

  12  0:00  SCV  
  13  0:13  SCV  
  14  0:17  Supply Depot  
  14  0:25  SCV  
  14  0:28  Refinery  
  15  0:38  SCV  
  16  0:44  Barracks  
  16  0:51  SCV  
  16  0:54  Refinery  
  17  1:03  SCV  
  18  1:15  SCV  
  19  1:31  Factory  
  19  1:32  Reaper  
  20  1:35  Orbital Command  
  20  1:45  Supply Depot  
  20  2:01  SCV  
  21  2:04  Reaper  
  22  2:13  SCV  
  23  2:16  Starport  
  23  2:17  Hellion  
  23  2:20  Supply Depot  
  25  2:25  SCV  
  26  2:38  Barracks Tech Lab  
  26  2:40  Hellion  
  26  2:41  SCV  
  26  2:44  Supply Depot  
  29  2:54  SCV  
  29  3:11  Cloaking Field  
  29  3:12  Banshee  
  32  3:18  Barracks Reactor  
  32  3:27  Command Center  
  32  3:35  Cyclone  
  32  3:37  SCV  
  36  3:50  SCV  
  36  3:55  Banshee  
  40  3:56  Supply Depot  
  40  4:02  SCV  
  40  4:06  Marine  
  40  4:21  SCV  
  40  4:26  Factory Tech Lab  
  40  4:30  Marine  
  41  4:31  Marine  
  41  4:32  Command Center  
  44  4:52  SCV  
  45  4:53  Engineering Bay  
Show
View Real Time Build Order
Export as new Build Order

Kelazhur Terran 

Build Orders: 1/1/1, Banshee Rush 

Get SALT Encoding   

  12  0:00  SCV  
  13  0:12  SCV  
  14  0:17  Supply Depot  
  14  0:24  SCV  
  14  0:28  Refinery  
  15  0:38  SCV  
  16  0:44  Barracks  
  16  0:50  SCV  
  17  1:02  SCV  
  18  1:15  SCV  
  19  1:31  Orbital Command, Factory, Marine  
  20  1:35  Supply Depot  
  20  1:39  Refinery  
  20  1:49  Marine  
  21  1:57  SCV  
  22  2:09  Marine  
  22  2:11  SCV  
  23  2:16  Widow Mine  
  23  2:17  Starport  
  23  2:20  Supply Depot  
  25  2:23  SCV  
  25  2:29  Barracks Reactor  
  26  2:35  SCV  
  27  2:46  Factory Tech Lab  
  27  2:48  SCV  
  28  2:54  Medivac  
  30  3:00  SCV  
  31  3:06  Marine x2  
  31  3:12  SCV  
  34  3:13  Supply Depot  
  34  3:20  Cyclone  
  34  3:24  Marine x2  
  39  3:30  Cloaking Field  
  39  3:37  Banshee  
  39  3:40  SCV  
  43  3:44  Marine x2  
  44  4:05  SCV  
  44  4:06  Command Center  
  44  4:08  Marine x2  
  47  4:10  Factory Tech Lab  
  45  4:23  SCV  
  44  4:26  Marine x2  
  44  4:28  Supply Depot  
  47  4:49  Marine x2  
Tags
 
League
Master
Matchup
TvT
Opening
1/1/11/1/1
Race
Terran
Replay Pack
EmSC2Tv
Add a new tag
Caveats
  • Supply blocks, unpowered buildings, or Contaminate may cause inaccurate times.
  • Supply counts are checked every 10 seconds.